 Dungeon Crawl Stone Soup version 0.30-a0-799-g109b55a442 (webtiles) character file.

Game seed: 508343434660394912

27 Dittersdorf the Shield-Bearer (level 3, 0/23 HPs)
             Began as a Gargoyle Fighter on Feb 20, 2023.
             Slain by Robin
             ... wielding a +0 whip of venom
              (3 damage)
             ... on level 1 of the Dungeon.
             The game lasted 00:00:42 (643 turns).

Dittersdorf the Shield-Bearer (Gargoyle Fighter)     Turns: 643, Time: 00:00:43

Health: 0/23       AC: 10    Str: 21    XL:     3   Next: 10%
Magic:  3/3        EV:  9    Int:  8    God:
Gold:   16         SH:  4    Dex:  9    Spells: 2/2 levels left

rFire   . . .      SeeInvis .    a - +0 flail
rCold   + . .      Faith    .    c - +0 buckler
rNeg    + . .      Spirit   .    b - +0 scale mail
rPois   ∞          Reflect  .    (no helmet)
rElec   +          Harm     .    (no cloak)
rCorr   .          Rampage  .    (no gloves)
Will    .....                    (no boots) Stlth
                                 g - amulet of magic regeneration
HPRegen 0.23/turn                i - ring of protection from cold
MPRegen 0.48/turn                (no ring)

@: no status effects
A: sickness immunity, AC +3, negative energy resistance 1, electricity
resistance, torment resistance 1, petrification resistance
a: no special abilities


You were on level 1 of the Dungeon.
You visited 1 branch of the dungeon, and saw 2 of its levels.

You collected 16 gold pieces.

Inventory:

Hand Weapons
 a - a +0 flail (weapon)
Armour
 b - a +0 scale mail (worn)
 c - a +0 buckler (worn)
Jewellery
 g - an amulet of magic regeneration (around neck)
 i - a ring of protection from cold (left hand)
Scrolls
 e - 3 scrolls of identify {unknown}
 h - a scroll of blinking {unknown}
 j - a scroll of teleportation {unknown}
Potions
 d - 2 potions of might
 f - a potion of degeneration {unknown}


   Skills:
 + Level 3.6 Fighting
 + Level 2.4 Maces & Flails
 + Level 3.6 Armour
 + Level 3.6 Shields


You had 2 spell levels left.
You didn't know any spells.
Your spell library was empty.

Dungeon Overview and Level Annotations

Branches:
Dungeon (2/15)

Altars:

Annotations:
D:1 Robin


Innate Abilities, Weirdness & Mutations

You are immune to sickness and miasma.
Your stone body is resilient. (AC +3)
You are immune to poison.
You resist negative energy. (rN+)
You are resistant to electric shocks. (rElec)
You are resistant to unholy torment.
You are immune to petrification.


Message History

There is a stone staircase leading up here.
The goblin hits you but does no damage.
Robin says, "Duck!"
Robin roars a battlecry!
The goblins go into a battle-frenzy!
You climb upwards.
There is a stone staircase leading down here.
You closely miss the hobgoblin. You block the hobgoblin's attack.
The goblin hits you with a +0 club. Robin hits you but does no damage.
The hobgoblin hits you but does no damage.
You hit the hobgoblin but do no damage. The hobgoblin hits you.
The goblin hits you but does no damage. Robin hits you but does no damage.
The hobgoblin hits you but does no damage.
The hobgoblin closely misses you.
The hobgoblin hits you but does no damage.
The goblin hits you with a +0 club.
You barely miss the hobgoblin. The hobgoblin misses you.
The goblin closely misses you. The hobgoblin closely misses you.
You closely miss the hobgoblin.
The hobgoblin hits you but does no damage.
The goblin hits you but does no damage. You block Robin's attack.
The hobgoblin hits you.
You closely miss the hobgoblin.
The hobgoblin hits you but does no damage.
The goblin hits you with a +0 club.
* * * LOW HITPOINT WARNING * * *
Robin's bangles clink loudly.
Robin hits you but does no damage. The hobgoblin closely misses you.
The hobgoblin barely misses you. You block Robin's attack.
The hobgoblin barely misses you. The goblin hits you with a +0 club.
* * * LOW HITPOINT WARNING * * *
You barely miss the hobgoblin. The hobgoblin misses you.
The goblin hits you but does no damage. Robin hits you but does no damage.
The hobgoblin hits you.
* * * LOW HITPOINT WARNING * * *
You barely miss the hobgoblin. You block the hobgoblin's attack.
The goblin barely misses you.
Robin says, "We wiped out the hill dwarves - you're next!"
Robin hits you with a +0 whip of venom.
You die...

#.........#
#.....##.##..##
#.####.##.#
#........###..##
#.#######.# #.....####
##... #...≈≈≈...#
###.....#########.
###'###'###
#.......##........ ### ###
##.##....#..####### ###
#..#######.## #.#
##g#######..#
#.#####.g@g......## #
#.......g#################
#........# ####.......
#........# #....#####.
#÷######## ###.########.
#.## ###...# #....
###..##### ###...### #.###
##....#...###...### ###
##.............###


You could see Robin, 2 hobgoblins and a goblin (strong).

Vanquished Creatures
  4 ball pythons (D:1)
  An endoplasm (D:1)
  5 goblins (D:1)
  3 hobgoblins (D:1)
  3 jackals (D:1)
  2 bats (D:1)
  2 frilled lizards (D:1)
  2 kobolds (D:1)
  2 rats (D:1)
24 creatures vanquished.

Notes
Turn   | Place    | Note
-------+----------+-------------------------------------------
     0 | D:1      | Dittersdorf the Gargoyle Fighter began the quest for the
                  | Orb.
     0 | D:1      | Reached XP level 1. HP: 14/14 MP: 1/1
   126 | D:1      | Reached XP level 2. HP: 19/19 MP: 2/2
   345 | D:1      | Reached XP level 3. HP: 22/23 MP: 3/3
   616 | D:2      | Noticed Robin
   643 | D:1      | Slain by Robin

Illustrated notes

Levels and vault maps discovered:
D:1:      reono_arrival_forest_river, layout_rooms, corexii_corridor_pit
D:2:      layout_basic, basic_altar, chequers_ecumenical_altar_lobes,
          uniq_crazy_yiuf_cottage, uniq_robin

Action                     || total
---------------------------++-------
  Melee: Flail             ||    70
 Armour: Scale mail        ||    61
  Dodge: Dodged            ||    41
  Block: Buckler           ||    13

Table legend: (Time is in decaauts)
 A = Elapsed time spent in this place.
 B = Non-inter-level travel time spent in this place.
 C = Inter-level travel time spent in this place.
 D = Time resting spent in this place.
 E = Time spent auto-exploring this place.
 F = Levels seen in this place.
 G = Mean time per level.
                   A        B        C        D        E       F      G
               +--------+--------+--------+--------+--------+-----+--------+
         Total |    671 |    651 |     20 |      2 |    490 |   2 |  335.5 |
       Dungeon |    671 |    651 |     20 |      2 |    490 |   2 |  335.5 |
               +--------+--------+--------+--------+--------+-----+--------+

Top non-repeatable levels by time:
     D:1: 666 daAuts
     D:2: 5 daAuts
